 Dungeon Crawl Stone Soup version 0.32-a0-468-g38b2580584 (webtiles) character file.

Game seed: 380632737790824826

13 Goblin1989 the Sneak (level 2, -5/24 HPs)
             Began as a Demonspawn Delver on Feb 25, 2024.
             Slain by a river rat (6 damage)
             ... on level 3 of the Dungeon.
             The game lasted 00:01:52 (202 turns).

Goblin1989 the Sneak (Demonspawn Delver)             Turns: 202, Time: 00:01:52

Health: -5/24      AC:  3    Str: 12    XL:     2   Next: 24%
Magic:  2/2        EV: 11    Int: 10    God:
Gold:   10         SH:  4    Dex: 14    Spells: 1/1 levels left

rFire   . . .        a - +0 short sword
rCold   . . .        (no shield)
rNeg    . . .        b - +0 leather armour
rPois   .            (no helmet)
rElec   .            (no cloak)
rCorr   .            (no gloves)
SInv    .            (no boots)
Will    .....        h - amulet of the acrobat
Stlth   +++          (no ring)
HPRegen 0.24/turn    (no ring)
MPRegen 0.08/turn

%: acrobat
@: no status effects
A: large bone plates 1
a: no special abilities


You were on level 3 of the Dungeon.
You visited 1 branch of the dungeon, and saw 3 of its levels.

You collected 10 gold pieces.

Inventory:

Hand Weapons
 a - a +0 short sword (weapon)
Armour
 b - a +0 leather armour (worn)
Jewellery
 h - an amulet of the acrobat (around neck)
Wands
 g - a wand of digging (3) {@v3}
Scrolls
 c - a scroll of fog
Potions
 f - a potion of haste {@q3,}


   Skills:
 - Level 3.0 Fighting
 + Level 2.2 Short Blades
 - Level 1.7 Dodging
 + Level 4.8 Stealth


You had one spell level left.
You didn't know any spells.
Your spell library was empty.

Dungeon Overview and Level Annotations

Branches:
Dungeon (5/15) Zot: 17801
 Temple: D:4-7

Altars:

Annotations:
D:3 Sigmund
D:5 Eustachio


Innate Abilities, Weirdness & Mutations

You are partially covered in large bone plates. (SH +4)


Message History

The giant cockroach completely misses you.
You hit the giant cockroach.
The giant cockroach is moderately wounded.
The giant cockroach bites you but does no damage.
You closely miss the giant cockroach.
The giant cockroach is moderately wounded.
The river rat misses you. You block the giant cockroach's attack.
You closely miss the giant cockroach.
The giant cockroach is moderately wounded.
The river rat bites you but does no damage.
The giant cockroach bites you.
You take 1 damage, and have 23/24 hp.
You hit the giant cockroach.
The giant cockroach is heavily wounded.
The giant cockroach bites you but does no damage.
The river rat closely misses you.
Health restored: 24 You barely miss the giant cockroach.
The giant cockroach is heavily wounded.
The giant cockroach bites you but does no damage.
The river rat bites you.
You take 3 damage, and have 21/24 hp.
You barely miss the giant cockroach.
The giant cockroach is heavily wounded.
The giant cockroach bites you. The river rat closely misses you.
You take 2 damage, and have 19/24 hp.
You hit the giant cockroach.
You kill the giant cockroach!
The river rat bites you.
You take 3 damage, and have 16/24 hp.
You see here a giant cockroach corpse.
The river rat attacks as it pursues you!
The river rat closely misses you.
You barely miss the river rat. You hit the river rat but do no damage.
The river rat bites you!
You take 7 damage, and have 11/24 hp.
MASSIVE DAMAGE!!
You closely miss the river rat. The river rat misses you.
You hit the river rat but do no damage. The river rat misses you.
You hit the river rat but do no damage. You block the river rat's attack.
You hit the river rat.
The river rat is lightly wounded.
The river rat barely misses you.
You hit the river rat but do no damage.
The river rat is lightly wounded.
The river rat closely misses you.
You hit the river rat but do no damage.
The river rat is lightly wounded.
The river rat bites you.
You hit the river rat but do no damage.
The river rat is lightly wounded.
The river rat bites you.
You take 1 damage, and have 11/24 hp.
You hit the river rat.
The river rat is heavily wounded.
The river rat bites you.
* * * LOW HITPOINT WARNING * * *
You take 4 damage, and have 7/24 hp.
You hit the river rat but do no damage.
The river rat is heavily wounded.
You hit the river rat.
The river rat is severely wounded.
The river rat bites you.
* * * LOW HITPOINT WARNING * * *
You take 1 damage, and have 6/24 hp.
You hit the river rat but do no damage.
The river rat is severely wounded.
You block the river rat's attack.
You closely miss the river rat.
The river rat is severely wounded.
The river rat closely misses you.
You barely miss the river rat.
The river rat is severely wounded.
You block the river rat's attack.
You completely miss the river rat.
The river rat is severely wounded.
The river rat completely misses you.
You closely miss the river rat.
The river rat is severely wounded.
The river rat barely misses you.
You closely miss the river rat.
The river rat is severely wounded.
The river rat closely misses you.
You hit the river rat but do no damage.
The river rat is severely wounded.
The river rat misses you.
You hit the river rat but do no damage.
The river rat is severely wounded.
You barely miss the river rat.
The river rat is severely wounded.
The river rat bites you!
* * * LOW HITPOINT WARNING * * *
You take 7 damage, and have 1/24 hp.
MASSIVE DAMAGE!!
You closely miss the river rat.
The river rat is severely wounded.
The river rat bites you.
* * * LOW HITPOINT WARNING * * *
You hit the river rat but do no damage.
The river rat is severely wounded.
The river rat bites you.
You die... █████████████ █...†..rrr@.█ █.█████████.█ █>█ .█ █r█

.█
█...g......█
.█
█.....r....@.█
.█
█.██....~~████
██ █ █...~~~█
.....█r█


You could see 2 river rats and a rat.

Vanquished Creatures
  An adder (D:4)
  An orc (D:4)
  A giant cockroach (D:3)
3 creatures vanquished.

Notes
Turn   | Place    | Note
-------+----------+-------------------------------------------
     0 | D:5      | Goblin1989 the Demonspawn Delver began the quest for the
                  | Orb.
     0 | D:5      | Reached XP level 1. HP: 18/18 MP: 1/1
     9 | D:5      | Noticed Eustachio
    58 | D:5      | Noticed a water moccasin
    84 | D:5      | Noticed a scorpion
   154 | D:4      | Gained mutation: You are partially covered in large bone
                  | plates. (SH +4) [demonic ancestry]
   154 | D:4      | Reached XP level 2. HP: 24/24 MP: 2/2
   160 | D:3      | Noticed Sigmund
   200 | D:3      | HP: 1/24 [river rat (7)]
   202 | D:3      | Slain by a river rat

Illustrated notes

Levels and vault maps discovered:
D:3:      layout_loops_ring, basic_ecumenical_altar, lightli_sewer_entry_pipes,
          st_stairs_12, uniq_sigmund
D:4:      layout_basic, minmay_temple_entry_sparse_star, uniq_robin
D:5:      layout_loops_ring, serial_shops, shop, chequers_serial_rivers_small_a,
          uniq_eustachio

Skill      XL: |  1 |
---------------+----+-----
Short Blades   | 2 |  2.2
Fighting       | |  3.0
Dodging        | |  1.7
Stealth        | |  4.8

Action                     || total
---------------------------++-------
  Melee: Short sword       ||    34
    Use: Scroll            ||     2
   Stab: Sleeping          ||     2
 Armour: Leather armour    ||    20
  Dodge: Dodged            ||    18
  Block: Other             ||     4

Table legend: (Time is in decaauts)
 A = Elapsed time spent in this place.
 B = Non-inter-level travel time spent in this place.
 C = Inter-level travel time spent in this place.
 D = Time resting spent in this place.
 E = Time spent auto-exploring this place.
 F = Levels seen in this place.
 G = Mean time per level.
                   A        B        C        D        E       F      G
               +--------+--------+--------+--------+--------+-----+--------+
         Total |    198 |    198 |      0 |     46 |      0 |   3 |   66.0 |
       Dungeon |    198 |    198 |      0 |     46 |      0 |   3 |   66.0 |
               +--------+--------+--------+--------+--------+-----+--------+

Top non-repeatable levels by time:
     D:5: 100 daAuts
     D:4: 58 daAuts
     D:3: 39 daAuts
